 Dungeon Crawl Stone Soup version 0.25-a0-719-gde951dce62 (webtiles) character file.

Game seed: 3559359199880357711, levelgen mode: deterministic

1676965 toffzen the Conqueror (level 27, 194/199 HPs)
             Began as a Gargoyle Berserker on Apr 3, 2020.
             Was a High Priest of Trog.
             Escaped with the Orb
             ... and 3 runes on Apr 6, 2020!
             The game lasted 03:20:58 (78177 turns).

toffzen the Conqueror (Gargoyle Berserker)         Turns: 78177, Time: 03:20:59

Health: 194/199    AC: 73    Str: 27    XL:     27
Magic:  9/9        EV: 21    Int:  9    God:    Trog [*****.]
Gold:   7098       SH: 20    Dex: 22    Spells: 26/26 levels left

rFire    + + +     SeeInvis +   c - +9 demon whip (antimagic)
rCold    + + +     Gourm    .   A - +2 shield of Resistance {rF+ rC+ MR+}
rNeg     + + +     Faith    .   i - +12 gold dragon scales
rPois    ∞         Spirit   .   (helmet restricted)
rElec    +         Reflect  +   w - +4 dragonskin cloak
rCorr    +         Harm     .   X - +2 pair of gloves {Str+3}
MR       +++..                  M - +2 pair of boots "Zoagodd" {rF+ rC+ Str-5 Dex+4}
Stlth    ..........             F - +3 amulet of reflection
HPRegen  0.43/turn              q - ring "Siur" {Wiz rElec rN+++ MP-9 Int+2}
MPRegen  0.11/turn              G - ring of Baykyora {MP+9 Str+3 SInv}

@: flying
A: big wings, beak, agile 1, dopey 1, negative energy resistance 1, screaming 1,
electricity resistance, wild magic 1, unbreathing, petrification resistance, rot
immunity, AC +20
0: Orb of Zot
}: 3/15 runes: barnacled, silver, gossamer
a: Stop Flying, Berserk, Trog's Hand, Brothers in Arms, Renounce Religion


You escaped.
You worshipped Trog.
Trog was extremely pleased with you.
You were very full.

You visited 10 branches of the dungeon, and saw 52 of its levels.
You visited 1 bazaar.
You also visited: Sewer and Ossuary.

You collected 11713 gold pieces.
You spent 4615 gold pieces at shops.

Inventory:

Hand Weapons
 a - a +9 vorpal eveningstar
 b - a +9 demon whip of freezing
 c - a +9 antimagic demon whip (weapon)
 l - the +9 demon whip of Soihuozu {flame, *Rage rPois Int+3}
   (Trog gifted it to you on level 14 of the Dungeon)

   It has been specially enchanted to burn those struck by it, causing extra
   injury to most foes and up to half again as much damage against particularly
   susceptible opponents.
   It affects your intelligence (+3).
   It protects you from poison.
   It may make you go berserk in combat.
 R - the +1 hunting sling of Dumimih {speed, rF+ MR+ Str+3 Int-2}
   (You found it on level 14 of the Dungeon)

   Attacks with this weapon are significantly faster.
   It affects your strength (+3).
   It affects your intelligence (-2).
   It protects you from fire.
   It affects your resistance to hostile enchantments.
Missiles
 g - 1893 stones (quivered)
 E - 10 throwing nets
Armour
 f - the +0 helmet of Ezattont {Str+3}
   (You found it on level 2 of the Lair of Beasts)

   It affects your strength (+3).
 i - +12 gold dragon scales (worn)
 w - the +4 dragonskin cloak (worn)
   (You took it off Tiamat on level 4 of the Realm of Zot)
 A - the +2 shield of Resistance (worn) {rF+ rC+ MR+}
   (You found it on level 4 of the Lair of Beasts)

   It protects you from fire.
   It protects you from cold.
   It affects your resistance to hostile enchantments.
 M - the +2 pair of boots "Zoagodd" (worn) {rF+ rC+ Str-5 Dex+4}
   (You found it on level 3 of the Crypt)

   It affects your strength (-5).
   It affects your dexterity (+4).
   It protects you from fire.
   It protects you from cold.
 X - a +2 pair of gloves of strength (worn)
Jewellery
 q - the ring "Siur" (left hand) {Wiz rElec rN+++ MP-9 Int+2}
   (You found it on level 14 of the Dungeon)

   [ring of wizardry]

   It improves your spell success rate.
   It affects your intelligence (+2).
   It insulates you from electricity.
   It renders you almost immune to negative energy.
   It affects your magic capacity (-9).
 x - an uncursed ring of resist corrosion
 y - the ring "Vaunwyugh" {Fire rElec Dex+2}
   (You found it on level 5 of the Dungeon)

   [ring of fire]

   It enhances your fire magic.
   It affects your dexterity (+2).
   It protects you from fire.
   It makes you vulnerable to cold.
   It insulates you from electricity.
 F - a +3 amulet of reflection (around neck)
 G - the ring of Baykyora (right hand) {MP+9 Str+3 SInv}
   (You found it on level 1 of the Vaults)

   [ring of magical power]

   It affects your strength (+3).
   It affects your magic capacity (+9).
   It lets you see invisible.
 H - the amulet of Vitality {Regen+ HP+15}
   (You found it on level 4 of the Realm of Zot)

   [amulet of regeneration]

   It affects your health (+15).
   It increases your rate of regeneration.
 O - an uncursed ring of protection from cold
 V - the ring "Rain" {*Corrode rPois Dex+2 Slay+2 Stlth+}
   (You took it off a deep elf elementalist on level 3 of the Elven Halls)

   [ring of stealth]

   It affects your dexterity (+2).
   It affects your accuracy and damage with ranged weapons and melee attacks
   (+2).
   It protects you from poison.
   It may corrode you when you take damage.
   It makes you more stealthy.
Wands
 B - a wand of flame (136)
 I - a wand of acid (34)
 P - a wand of clouds (11)
 Q - a wand of paralysis (25)
 S - a wand of disintegration (12)
 U - a wand of digging (12)
 Z - a wand of iceblast (28)
Scrolls
 k - 15 scrolls of blinking
 n - 18 scrolls of teleportation
 o - 17 scrolls of fog
 p - a scroll of magic mapping
 u - 18 scrolls of identify
 v - 20 scrolls of remove curse
 J - 7 scrolls of brand weapon
 K - 8 scrolls of immolation
 L - 2 scrolls of summoning
 T - 13 scrolls of fear
Potions
 d - 2 potions of brilliance
 e - 9 potions of lignification
 h - 17 potions of heal wounds
 j - a potion of cancellation
 r - 3 potions of invisibility
 s - 11 potions of mutation
 t - 25 potions of curing
 z - 2 potions of resistance
 D - 12 potions of haste
 N - 6 potions of might
Miscellaneous
 m - 2 tins of tremorstones
 W - 5 phantom mirrors
 Y - a lightning rod (4/4)
Comestibles
 C - 45 rations


   Skills:
 O Level 27 Fighting
 + Level 22.9 Maces & Flails
 + Level 25.4 Armour
 + Level 20.7 Dodging
 - Level 15.0 Shields
 - Level 7.0 Evocations


You had 26 spell levels left.
You didn't know any spells.
Your spell library was empty.

Dungeon Overview and Level Annotations

Branches:
Dungeon (15/15)            Temple (0/1) D:4            Lair (6/6) D:11
 Shoals (4/4) Lair:3       Spider (4/4) Lair:2        Slime (0/5) Lair:6
    Orc (2/2) D:12            Elf (3/3) Orc:2        Vaults (5/5) D:13
  Crypt (3/3) Vaults:2       Tomb (0/3) Crypt:3      Depths (5/5) D:15
    Zot (5/5) Depths:5      Sewer (visited)         Ossuary (visited)

Altars:
Cheibriados
Elyvilon
Fedhas
Gozag
Kikubaaqudgha
Makhleb
Nemelex Xobeh
Okawaru
Trog
Uskayaw
Wu Jian
Xom
Yredelemnul

Shops:
D:5 =   D:7 (   D:9 *   D:10 ?   D:15 ?!?(!   Orc:2 =:(!?   Elf:1 *   Elf:3 [[
Shoals:2 [=(   Vaults:2 *   Vaults:3 *   Vaults:4 ?(:   Vaults:5 [
Depths:2 (%?

Portals:
Hell: Depths:1 Depths:3 Depths:4 Depths:5
Abyss: Depths:4* Depths:5
Pandemonium: Depths:2 Depths:3 Depths:5
Ziggurat: Depths:1

Annotations:
D:14 2 runed translucent doors
Lair:4 1 runed translucent door, Hiceoc's ghost, journeyman FeBe
Shoals:1 2 transporters
Shoals:3 1 runed translucent door, Dereoz's ghost, adept MiBe
Vaults:2 3 runed translucent doors, Moutitz's ghost, adept MiFi
Depths:2 exclusion: 2 statues
Depths:4 2 transporters, Adghecuf's ghost, veteran BaSu


Innate Abilities, Weirdness & Mutations

You are resistant to torment.
Your stone body is resilient. (AC +20)
You are immune to poison.
Your large and strong wings let you fly indefinitely.
You resist negative energy. (rN+)
You are resistant to electric shocks. (rElec)
You can survive without breathing.
You are immune to petrification.
You are immune to rotting.
You have a beak for a mouth.
You are agile. (Dex +2)
You are dopey. (Int -2)
You occasionally shout uncontrollably at your foes.
Your spells are a little harder to cast, but a little more powerful.


Message History

Boris conjures a glowing orb.
The orb of destruction reflects off an invisible shield around you!
The wavering orb of destruction hits Boris!!!
You blow up Boris!
Trog accepts your kill.
Trog appreciates your killing of a magic user.
No target in view!
No target in view!
(D) Dungeon (T) Temple (L) Lair (A) Shoals (N) Spider Nest (M) Slime Pits (O) Orcish Mines (E) Elven Halls (V) Vaults (C) Crypt (W) Tomb (U) Depths (H) Hell (Z) Zot
Where to? (Enter - D:1 @ (x,y), ? - help)
Your extra speed is starting to run out.
You feel yourself slow down.
You reach down and open the door.
There is an open door here.
You feel a little less mighty now.
There is a staircase leading out of the dungeon here.
You have escaped!

#.#
#.#####.........
#.# #.# #.....####
#.# #.### #######
#.# #...# #.#
###.# #.# #.# ##
#.# #.# #.
#.######### #.
#.#@..≈.P≈# #.
#.####.≈≈≈# #.
###.≈≈.≈≈.#### ##.
#....P..#..# ##..
#.....≈≈##.# ##..^
#≈..≈.≈P##.###....
#..P.≈.≈#.........
#'#####'#..###....
#.###.#.#..# #....


There were no monsters in sight!

Vanquished Creatures
  3 orbs of fire (Zot:5)
  Tiamat (Zot:4)
  7 ancient liches
  A juggernaut (Depths:3)
  4 Killer Klowns
  Boris (twice) (Depths:3 D:1)
  Bai Suzhen (Depths:1)
  Xtahua (Vaults:5)
  8 caustic shrikes
  4 curse toes
  15 golden dragons
  3 electric golems
  A bone dragon (Crypt:3)
  A Brimstone Fiend (D:5)
  A shard shrike skeleton (Crypt:1)
  8 tentacled monstrosities
  Jorgrun (D:12)
  4 liches
  30 Orb Guardians
  2 deep elf blademasters (Elf:3)
  6 quicksilver dragons
  3 titans
  Frances (Shoals:2)
  8 death cobs
  13 sphinxes
  Gastronok (D:9)
  5 ancient champions
  Donald (Vaults:2)
  16 storm dragons
  2 revenants
  A shadow dragon (shapeshifter) (Vaults:5)
  4 shadow dragons
  A large abomination (Depths:4)
  8 tengu reavers
  13 fire giants
  Ilsuiw (Shoals:2)
  7 draconian monks
  3 iron dragons
  4 draconian knights
  9 deep elf sorcerers
  6 ghost moths
  Aizul (Spider:2)
  3 draconian shifters
  9 frost giants
  A balrug (D:1)
  25 vault wardens
  A cacodemon (Depths:2)
  A black sun (D:5)
  2 curse skulls
  A juggernaut zombie (Crypt:3)
  3 orc warlords
  5 deep elf elementalists
  4 draconian annihilators
  2 draconian stormcallers
  22 very ugly things
  19 ironheart preservers
  3 emperor scorpions
  3 ghouls
  3 spriggan defenders
  3 war gargoyles
  14 stone giants
  8 entropy weavers
  An entropy weaver (shapeshifter) (Vaults:5)
  9 deep elf demonologists
  16 vampire knights
  8 green draconians
  A lorocyproca (Depths:5)
  5 purple draconians
  10 deep elf annihilators
  11 yellow draconians
  2 spark wasps
  8 white draconians
  10 black draconians
  5 red draconians
  7 eidola
  15 ettins
  Snorg (Lair:3)
  11 deep elf death magi
  7 merfolk javelineers
  6 merfolk impalers
  A quicksilver dragon zombie (Crypt:2)
  12 jiangshi
  5 great orbs of eyes
  16 fire dragons
  5 deep elf high priests
  21 yaktaur captains
  18 ogre magi
  2 rakshasas
  A hell beast (D:1)
  9 hydras
  34 vault guards
  15 ice dragons
  3 spriggan air magi
  A monstrous demonspawn (D:5)
  An anaconda (shapeshifter) (Elf:2)
  2 merfolk avatars
  11 centaur warriors
  A satyr (Shoals:4)
  3 small abominations (Elf:3)
  28 dancing weapons
  7 tengu warriors
  6 merfolk aquamancers
  2 death knights
  46 two-headed ogres
  A two-headed ogre (shapeshifter) (Depths:1)
  Erica (Lair:2)
  7 deep troll shamans
  7 death yaks
  8 deep troll earth magi
  12 vampire magi
  2 orc high priests (Elf:2)
  7 hell knights
  3 spriggans
  A sun demon (Depths:2)
  2 spriggan berserkers
  Nergalle (Lair:2)
  4 soul eaters
  5 storm dragon zombies (Crypt:3)
  27 deep elf knights
  2 iron trolls (Depths:4)
  9 shadow wraiths
  14 skeletal warriors
  A golden dragon zombie (Crypt:3)
  11 sea snakes
  8 unseen horrors
  An unseen horror (shapeshifter) (Depths:1)
  A death drake (Zot:4)
  A deep troll (shapeshifter) (Vaults:5)
  14 wizards
  13 ironbrand convokers
  7 flayed ghosts
  2 swamp dragons
  A lindwurm (shapeshifter) (Depths:4)
  19 deep elf archers
  4 glowing orange brains
  23 deep trolls
  17 phantasmal warriors
  A lindwurm (Lair:4)
  An iron dragon zombie (Crypt:2)
  An orange crystal statue (Zot:5)
  A glowing orange brain (shapeshifter) (Depths:3)
  20 orb spiders
  18 orc knights
  66 deep elf magi
  16 wolf spider zombies
  10 harpies
  22 fauns
  2 stone giant zombies (Crypt:1)
  6 orc sorcerers
  43 ugly things
  6 necromancers
  8 manticores
  34 wolf spiders
  A faun (shapeshifter) (Depths:3)
  10 cyclopes
  A frost giant zombie (Crypt:3)
  26 moths of wrath
  9 merfolk sirens
  A salamander (shapeshifter) (Vaults:3)
  4 elephants (Lair:6)
  A black mamba (shapeshifter) (Depths:5)
  3 black mambas
  A guardian serpent (shapeshifter) (Vaults:4)
  Maurice (D:12)
  2 stone giant skeletons
  23 vault sentinels
  Psyche (D:9)
  7 water nymphs
  An elephant slug zombie (Crypt:3)
  4 torpor snails
  13 spiny frogs
  2 gargoyles
  3 orange demons
  A hellion (Depths:3)
  A storm dragon simulacrum (Crypt:1)
  A rime drake (shapeshifter) (Vaults:5)
  5 rime drakes
  Maggie (D:6)
  8 redback zombies (Spider:3)
  6 demonic crawlers
  11 freezing wraiths
  63 yaktaurs
  11 komodo dragons
  3 ice devils
  A kobold demonologist (D:14)
  A queen ant zombie (Crypt:3)
  2 harpy zombies
  A grey draconian skeleton (Crypt:1)
  3 hellwings
  4 red devils
  51 jumping spiders
  A polar bear (shapeshifter) (Depths:2)
  3 tengu conjurers
  5 wind drakes
  A merfolk (shapeshifter) (Vaults:5)
  12 merfolk
  A pale draconian skeleton (Crypt:3)
  17 trolls
  A minotaur skeleton (Crypt:1)
  A troll (shapeshifter) (Depths:2)
  17 hornets
  A queen bee (shapeshifter) (Vaults:1)
  Grinder (D:6)
  23 slime creatures
  2 hippogriffs (shapeshifter)
  5 blink frogs (Lair:6)
  A blink frog (shapeshifter) (Vaults:2)
  A fire dragon zombie (Crypt:3)
  18 hippogriffs
  6 tarantella zombies (Spider:3)
  An ettin zombie (Crypt:3)
  A meliai zombie (Crypt:1)
  12 snapping turtles
  Sigmund (D:6)
  4 dream sheep (Shoals:1)
  A bog body (Crypt:2)
  67 redbacks
  4 air elementals
  7 flying skulls
  2 shadows
  20 water elementals
  A black mamba zombie (Crypt:3)
  8 wraiths
  2 centaur simulacra
  22 vampires (Crypt:3)
  24 tarantellas
  A wind drake zombie (Crypt:2)
  2 wyverns
  36 yaks
  A black mamba skeleton (Crypt:2)
  A basilisk (Lair:6)
  5 fire elementals
  A human (shapeshifter) (Vaults:2)
  A steam dragon (Lair:4)
  A golden eye (shapeshifter) (Vaults:4)
  2 human simulacra (Vaults:2)
  3 vampire mosquitoes
  6 hungry ghosts
  4 wargs
  A water moccasin (shapeshifter) (Vaults:4)
  2 acid dragons
  A glowing shapeshifter zombie (Crypt:3)
  A gelid demonspawn zombie (Crypt:2)
  A soldier ant (D:13)
  9 water moccasins
  An orb spider zombie (Crypt:2)
  A monstrous demonspawn skeleton (Crypt:1)
  8 porcupines
  A hornet zombie (Crypt:3)
  Purgy (Sewer)
  A blink frog zombie (Crypt:2)
  2 black bears
  55 orc warriors
  6 sky beasts
  A manticore zombie (Crypt:3)
  An elephant zombie (Crypt:1)
  3 eyes of draining
  2 black bears (shapeshifter)
  4 ice beasts
  2 necrophages
  4 phantoms
  A black mamba simulacrum (Crypt:1)
  5 wolves (Lair:6)
  A snapping turtle zombie (Crypt:3)
  8 boggarts
  17 centaurs
  60 ogres
  11 crocodiles
  3 big kobolds
  An octopode zombie (Crypt:1)
  17 bullfrogs
  A wyvern zombie (D:14)
  A rime drake skeleton (Crypt:3)
  A water moccasin zombie (Crypt:3)
  3 earth elementals
  A wyvern skeleton (D:10)
  2 cyclops skeletons (Crypt:1)
  A spriggan zombie (Crypt:2)
  2 scorpions
  21 killer bees
  An orc simulacrum (Vaults:1)
  13 wights
  3 electric eels (Lair:3)
  2 howler monkeys (D:11)
  8 crimson imps
  2 quasits
  18 centaur zombies
  2 bullfrog zombies
  A wolf skeleton (Crypt:3)
  7 jellies
  3 bullfrog skeletons
  18 centaur skeletons
  28 orc priests
  7 hounds
  A gnoll shaman (D:4)
  A human skeleton (Crypt:1)
  Terence (D:3)
  3 iguanas
  25 orc wizards
  8 worker ants
  A killer bee zombie (D:8)
  A big kobold zombie (Ossuary)
  2 hound zombies
  A hound skeleton (D:5)
  6 mummies (Ossuary)
  A howler monkey zombie (Crypt:2)
  12 adders
  7 gnolls
  A swamp drake skeleton (Crypt:2)
  2 shadow imps
  13 white imps
  4 worms
  A dart slug (D:1)
  3 leopard geckos
  111 orcs
  4 ball pythons
  8 giant cockroaches
  11 goblins
  9 hobgoblins
  20 jackals
  21 kobolds
  2 quokkas
  3 bats
  7 frilled lizards
  A goblin skeleton (Crypt:2)
  2 hobgoblin zombies (Ossuary)
  2 jackal skeletons
  A leopard gecko skeleton (D:4)
  A leopard gecko zombie (Crypt:3)
  2 quokka skeletons
  A quokka zombie (D:7)
  5 rats
  2 crawling corpses (Depths:4)
  5 plants
  A tentacle (Shoals:4)
2555 creatures vanquished.

Vanquished Creatures (collateral kills)
  An Orb Guardian (Zot:5)
1 creature vanquished.

Vanquished Creatures (others)
  2 deep elf master archers (Elf:3)
  A yaktaur captain (Depths:4)
  A centaur warrior (Vaults:1)
  A satyr (Shoals:3)
  An orc high priest (Elf:1)
  A vampire mage (Depths:4)
  2 deep elf archers
  An ironbrand convoker (Vaults:1)
  An ugly thing (Depths:3)
  3 fauns
  A cyclops (Vaults:1)
  A merfolk siren (Shoals:2)
  11 yaktaurs
  A merfolk (Shoals:4)
  A snapping turtle (Shoals:3)
  2 water elementals (Elf:2)
  A neqoxec (Zot:4)
  An ogre (Vaults:5)
  A centaur (Shoals:3)
  An orc wizard (Vaults:4)
  An orc (Elf:1)
  15 fungi (Lair:6)
  30 plants
  10 tentacles (Shoals:4)
91 creatures vanquished.

Grand Total: 2647 creatures vanquished

Notes
Turn   | Place    | Note
-------+----------+-------------------------------------------
     0 | D:1      | toffzen the Gargoyle Berserker began the quest for the Orb.
     0 | D:1      | Reached XP level 1. HP: 14/14 MP: 1/1
   194 | D:1      | Reached XP level 2. HP: 12/19 MP: 2/2
   554 | D:1      | Reached XP level 3. HP: 15/23 MP: 3/3
  1565 | D:2      | Reached ** piety under Trog
  1810 | D:2      | Reached XP level 4. HP: 28/29 MP: 4/4
  1838 | D:2      | Found an ancient bone altar of Kikubaaqudgha.
  1839 | D:2      | Found a burning altar of Makhleb.
  2099 | D:3      | Noticed Terence
  2105 | D:3      | Killed Terence
  2172 | D:3      | Found a shimmering altar of Xom.
  2172 | D:3      | Found a shimmering altar of Xom.
  2176 | D:3      | Found a shimmering altar of Xom.
  2285 | D:3      | Reached skill level 4 in Fighting
  2326 | D:3      | Reached XP level 5. HP: 33/33 MP: 5/5
  2544 | D:3      | Reached *** piety under Trog
  2644 | D:3      | Found a glowing drain.
  2662 | Sewer    | Entered a sewer
  2758 | Sewer    | Noticed Purgy
  2825 | Sewer    | Killed Purgy
  2825 | Sewer    | Reached XP level 6. HP: 12/39 MP: 6/6
  3508 | D:4      | Reached skill level 5 in Maces & Flails
  3811 | D:4      | Found a staircase to the Ecumenical Temple.
  4026 | D:4      | Reached XP level 7. HP: 40/44 MP: 7/7
  4108 | D:4      | Reached skill level 1 in Shields
  4369 | D:4      | Found a sparkling altar of Nemelex Xobeh.
  4603 | D:5      | Entered Level 5 of the Dungeon
  4614 | D:4      | Reached skill level 5 in Fighting
  4835 | D:5      | Reached XP level 8. HP: 49/49 MP: 8/8
  5574 | D:5      | Got a steaming morningstar
  5575 | D:5      | Identified the +5 morningstar of Dithmenos's Envy {pain,
                  | rC+} (You found it on level 5 of the Dungeon)
  5892 | D:5      | Got a fine marble ring
  5893 | D:5      | Identified the ring "Vaunwyugh" {Fire rElec Dex+2} (You
                  | found it on level 5 of the Dungeon)
  5918 | D:5      | Reached skill level 5 in Armour
  6020 | D:5      | Found Uphuchirph's Jewellery Shop.
  6186 | D:6      | Noticed Sigmund
  6204 | D:6      | Killed Sigmund
  6300 | D:6      | Noticed Grinder
  6313 | D:6      | Paralysed by Grinder for 6 turns
  6324 | D:6      | Killed Grinder
  6324 | D:6      | Reached **** piety under Trog
  6324 | D:6      | Reached skill level 6 in Fighting
  6324 | D:6      | Reached XP level 9. HP: 40/55 MP: 9/9
  6485 | D:6      | Noticed Maggie
  6500 | D:6      | Killed Maggie
  7536 | D:7      | Found Lule's Weapon Emporium.
  7841 | D:7      | Found a sand-covered staircase.
  7847 | Ossuary  | Entered an ossuary
  8415 | D:7      | Reached skill level 5 in Shields
  8619 | D:8      | Found an iron altar of Okawaru.
  8623 | D:8      | Reached skill level 7 in Fighting
  8623 | D:8      | Reached skill level 5 in Dodging
  8634 | D:7      | Reached XP level 10. HP: 63/63 MP: 10/10
  9241 | D:8      | Found a white marble altar of Elyvilon.
  9295 | D:8      | Found a basalt altar of Yredelemnul.
  9965 | D:9      | Reached ***** piety under Trog
  9965 | D:9      | Received a gift from Trog
 10384 | D:9      | Noticed a two-headed ogre
 10396 | D:9      | Killed a two-headed ogre
 10449 | D:9      | Found a blossoming altar of Fedhas.
 10653 | D:9      | Found a shimmering altar of Xom.
 10653 | D:9      | Found a snail-covered altar of Cheibriados.
 10653 | D:9      | Found an opulent altar of Gozag.
 10653 | D:9      | Found an ornate altar of the Wu Jian Council.
 10654 | D:9      | Found a hide-covered altar of Uskayaw.
 10754 | D:9      | Noticed Gastronok
 10757 | D:9      | Noticed Psyche
 10775 | D:9      | Killed Gastronok
 10775 | D:9      | Reached skill level 8 in Fighting
 10775 | D:9      | Reached skill level 10 in Maces & Flails
 10775 | D:9      | Reached XP level 11. HP: 69/69 MP: 11/11
 10781 | D:9      | Killed Psyche
 10961 | D:9      | Found Isuon Synu's General Store.
 10964 | D:9      | Bought a potion of heal wounds for 60 gold pieces
 11480 | D:10     | Entered Level 10 of the Dungeon
 11706 | D:10     | Found Funek's Magic Scroll Shoppe.
 12033 | D:10     | Received a gift from Trog
 12127 | D:11     | Reached skill level 9 in Fighting
 12191 | D:11     | Killed an unseen horror
 12330 | D:11     | Noticed a cyclops
 12397 | D:11     | Killed a cyclops
 12621 | D:11     | Found a flagged portal.
 12715 | D:11     | Killed an unseen horror
 12715 | D:11     | Reached XP level 12. HP: 76/76 MP: 12/12
 12775 | D:11     | Found a staircase to the Lair.
 12945 | Lair:1   | Entered Level 1 of the Lair of Beasts
 13222 | Lair:1   | Found a frozen archway.
 13796 | Lair:2   | Noticed Erica
 13853 | Lair:2   | Killed Erica
 14176 | Lair:2   | Got a faintly humming helmet
 14187 | Lair:2   | Identified the +0 helmet of Ezattont {Str+3} (You found it
                  | on level 2 of the Lair of Beasts)
 14250 | Lair:2   | Noticed Nergalle
 14257 | Lair:2   | Killed Nergalle
 14418 | Lair:2   | Found a hole to the Spider Nest.
 14903 | Lair:3   | Noticed Snorg
 14982 | Lair:3   | Killed Snorg
 14982 | Lair:3   | Reached skill level 10 in Fighting
 15047 | Lair:3   | Received a gift from Trog
 15467 | Lair:3   | Reached skill level 10 in Armour
 15583 | Lair:3   | Found a staircase to the Shoals.
 15908 | Lair:4   | Noticed a death yak
 15911 | Lair:4   | Reached XP level 13. HP: 82/82 MP: 13/13
 16332 | Lair:4   | Found a runed translucent door.
 16336 | Lair:4   | Noticed Hiceoc's ghost (journeyman FeBe)
 16743 | Lair:4   | Found the +2 shield of Resistance {rF+ rC+ MR+}
 17677 | Lair:6   | Entered Level 6 of the Lair of Beasts
 17822 | Lair:5   | Reached skill level 11 in Fighting
 18003 | Lair:6   | Received a gift from Trog
 18136 | Lair:6   | Gained mutation: Your large and strong wings let you fly
                  | indefinitely. [Gargoyle growth]
 18136 | Lair:6   | Reached XP level 14. HP: 80/90 MP: 7/14
 18220 | Lair:6   | Found a dark tunnel.
 18793 | Lair:6   | Found a staircase to the Slime Pits.
 19044 | Lair:6   | Reached skill level 10 in Shields
 19557 | D:12     | Received a gift from Trog
 19562 | D:12     | Got a translucent demon trident {god gift}
 19626 | D:12     | Identified the +7 demon trident "Fuptueq" {flame, rF-
                  | Dex+5} (Trog gifted it to you on level 12 of the Dungeon)
 19672 | D:12     | Got an iridescent halberd
 19683 | D:12     | Noticed Maurice
 19690 | D:12     | Killed Maurice
 19884 | D:12     | Found a staircase to the Orcish Mines.
 20227 | D:12     | Noticed Jorgrun
 20237 | D:12     | Killed Jorgrun
 20870 | Orc:1    | Entered Level 1 of the Orcish Mines
 20890 | Orc:1    | Found a bloodstained altar of Trog.
 20969 | Orc:2    | Entered Level 2 of the Orcish Mines
 20995 | Orc:2    | Received a gift from Trog
 21417 | Orc:2    | Found Obafoe's Jewellery Emporium.
 21433 | Orc:2    | Reached skill level 12 in Fighting
 21471 | Orc:2    | Reached skill level 15 in Maces & Flails
 21534 | Orc:2    | Found Sonoic's Book Boutique.
 21551 | Orc:2    | Received a gift from Trog
 21556 | Orc:2    | Reached XP level 15. HP: 72/96 MP: 15/15
 21678 | Orc:2    | Found Qalihako's Distillery.
 21679 | Orc:2    | Found Taceceda's Magic Scroll Emporium.
 21687 | Orc:2    | Bought a potion of heal wounds for 70 gold pieces
 21762 | Orc:2    | Bought a scroll of teleportation for 54 gold pieces
 21762 | Orc:2    | Bought a scroll of teleportation for 54 gold pieces
 21762 | Orc:2    | Bought a scroll of fog for 36 gold pieces
 21762 | Orc:2    | Bought a scroll of fog for 36 gold pieces
 21804 | Orc:2    | Found Torgheo's Weapon Boutique.
 22005 | Orc:2    | Found a staircase to the Elven Halls.
 22392 | Orc:1    | Noticed an orc warlord
 22402 | Orc:1    | Received a gift from Trog
 22413 | Orc:2    | Killed an orc warlord
 23325 | D:13     | Found a gate to the Vaults.
 23731 | D:14     | Found a runed translucent door.
 23766 | D:14     | Received a gift from Trog
 23766 | D:14     | Reached skill level 10 in Dodging
 23776 | D:14     | Got a jewelled demon whip {god gift}
 23777 | D:14     | Identified the +9 demon whip of Soihuozu {flame, *Rage
                  | rPois Int+3} (Trog gifted it to you on level 14 of the
                  | Dungeon)
 23866 | D:14     | Got a slimy steel ring
 23867 | D:14     | Identified the ring "Siur" {Wiz rElec rN+++ MP-9 Int+2}
                  | (You found it on level 14 of the Dungeon)
 24331 | D:14     | Reached skill level 13 in Fighting
 24331 | D:14     | Reached XP level 16. HP: 104/104 MP: 7/16
 24334 | D:14     | Found a runed translucent door.
 24336 | D:14     | Found a runed translucent door.
 24423 | D:14     | Got a warped hunting sling
 24443 | D:14     | Identified the cursed +1 hunting sling of Dumimih {speed,
                  | rF+ MR+ Str+3 Int-2} (You found it on level 14 of the
                  | Dungeon)
 24719 | D:15     | Entered Level 15 of the Dungeon
 24719 | D:15     | Found Kujohal's Magic Scroll Emporium.
 25005 | D:15     | Received a gift from Trog
 25185 | D:15     | Found a staircase to the Depths.
 25216 | D:15     | Found Magiluga's Distillery.
 25221 | D:15     | Found Irhehuf's Distillery.
 25224 | D:15     | Bought a potion of heal wounds for 90 gold pieces
 25224 | D:15     | Bought a potion of heal wounds for 90 gold pieces
 25224 | D:15     | Bought a potion of might for 72 gold pieces
 25224 | D:15     | Bought a potion of heal wounds for 90 gold pieces
 25224 | D:15     | Bought a potion of haste for 180 gold pieces
 25472 | D:15     | Bought a potion of heal wounds for 95 gold pieces
 25560 | D:15     | Found Zuamuehe's Magic Scroll Shop.
 25564 | D:15     | Found Qilodiat's Antique Weapon Shoppe.
 25568 | D:15     | Bought a scroll of fear for 52 gold pieces
 25568 | D:15     | Bought a scroll of blinking for 112 gold pieces
 25568 | D:15     | Bought a scroll of blinking for 112 gold pieces
 25795 | Spider:1 | Entered Level 1 of the Spider Nest
 26198 | Spider:1 | Received a gift from Trog
 26710 | Spider:2 | Noticed Aizul
 26720 | Spider:2 | Killed Aizul
 26956 | Spider:2 | Reached skill level 14 in Fighting
 27635 | Spider:3 | Reached XP level 17. HP: 111/111 MP: 8/17
 27902 | Spider:3 | Received a gift from Trog
 28428 | Spider:4 | Entered Level 4 of the Spider Nest
 29468 | Spider:4 | Received a gift from Trog
 29616 | Spider:4 | Reached XP level 18. HP: 118/118 MP: 8/21
 30223 | Spider:4 | Received a gift from Trog
 30497 | Spider:4 | Reached skill level 15 in Shields
 30659 | Spider:4 | Reached XP level 19. HP: 122/123 MP: 13/22
 30668 | Spider:4 | Reached skill level 15 in Fighting
 30820 | Spider:4 | Got a gossamer rune of Zot
 30976 | Lair:2   | Upgraded the game from 0.25-a0-701-gb30f108f01 to
                  | 0.25-a0-713-g4845790874
 31033 | Shoals:1 | Entered Level 1 of the Shoals
 31037 | Shoals:1 | Reached skill level 5 in Evocations
 31166 | Shoals:1 | Found a transporter.
 31476 | Shoals:1 | Reached skill level 15 in Armour
 31825 | Shoals:1 | Found a transporter.
 32041 | Shoals:2 | Found Amniliut's Jewellery Shop.
 32048 | Shoals:2 | Received a gift from Trog
 32079 | Shoals:2 | Bought a +3 amulet of reflection for 235 gold pieces
 32137 | Shoals:2 | Noticed Ilsuiw
 32137 | Shoals:2 | Noticed Frances
 32169 | Shoals:2 | Killed Ilsuiw
 32179 | Shoals:2 | Killed Frances
 32680 | Shoals:2 | Found Epsam's Antique Weapon Shop.
 32689 | Shoals:2 | Bought a polished hand crossbow for 178 gold pieces
 32689 | Shoals:2 | Identified the cursed +1 hand crossbow "Avahehank" {elec,
                  | +Inv Str+2 Dex-3} (You bought it in a shop on level 2 of
                  | the Shoals)
 32990 | Shoals:2 | Found Jyimpidd's Antique Armour Boutique.
 34088 | Shoals:3 | Received a gift from Trog
 34168 | Shoals:3 | Found a gateway to a bazaar.
 34191 | Shoals:3 | Found a runed translucent door.
 34191 | Shoals:3 | Found a shimmering altar of Xom.
 34191 | Shoals:3 | Noticed Dereoz's ghost (adept MiBe)
 34232 | Bazaar   | Entered a bazaar
 34233 | Bazaar   | Found Boamiaf's Magic Scroll Boutique.
 34244 | Bazaar   | Found Bihyran's Magic Scroll Shop.
 34255 | Bazaar   | Found Tionguaffa's Antique Weapon Emporium.
 34289 | Bazaar   | Found Tifod's Magic Scroll Shoppe.
 34295 | Bazaar   | Bought a scroll of blinking for 142 gold pieces
 34311 | Bazaar   | Bought 3 scrolls of fog for 60 gold pieces
 34311 | Bazaar   | Bought a scroll of blinking for 75 gold pieces
 34311 | Bazaar   | Bought a scroll of teleportation for 30 gold pieces
 34318 | Bazaar   | Bought a scroll of fog for 24 gold pieces
 34426 | Shoals:4 | Entered Level 4 of the Shoals
 34427 | Shoals:4 | Upgraded the game from 0.25-a0-713-g4845790874 to
                  | 0.25-a0-719-gde951dce62
 34831 | Shoals:4 | Identified the +1 war axe "Plog" {flame, rN+++ MR- Int+5}
 35230 | Shoals:4 | Received a gift from Trog
 35674 | Shoals:4 | Reached skill level 16 in Fighting
 35962 | Shoals:4 | Got a barnacled rune of Zot
 36258 | Vaults:1 | Entered Level 1 of the Vaults
 36463 | Vaults:1 | Reached XP level 20. HP: 104/131 MP: 17/25
 36930 | Vaults:1 | Received a gift from Trog
 37378 | Vaults:1 | You are sucked into a shaft and drop 1 floor!
 37383 | Vaults:2 | Found a runed translucent gate.
 37383 | Vaults:2 | Found a runed translucent gate.
 37383 | Vaults:2 | Found a runed translucent gate.
 37731 | Vaults:1 | Received a gift from Trog
 38024 | Vaults:1 | Got a wavering pewter ring
 38026 | Vaults:1 | Identified the ring of Baykyora {MP+9 Str+3 SInv} (You
                  | found it on level 1 of the Vaults)
 38059 | Vaults:1 | Reached skill level 17 in Fighting
 38676 | Vaults:2 | Received a gift from Trog
 38881 | Vaults:2 | Noticed Moutitz's ghost (adept MiFi)
 39183 | Vaults:2 | Reached XP level 21. HP: 111/140 MP: 26/26
 39325 | Vaults:2 | Found Arub's Assorted Antiques.
 39403 | Vaults:2 | Received a gift from Trog
 39408 | Vaults:2 | Reached skill level 18 in Fighting
 39596 | Vaults:2 | Noticed Donald
 39603 | Vaults:2 | Killed Donald
 39650 | Vaults:2 | Found a staircase to the Crypt.
 40125 | Vaults:3 | Found Nezxip's General Store.
 40389 | Vaults:3 | Received a gift from Trog
 40665 | Vaults:3 | You are sucked into a shaft and drop 1 floor!
 40982 | Vaults:3 | Reached skill level 19 in Fighting
 41249 | Vaults:3 | Received a gift from Trog
 42102 | Vaults:3 | Reached XP level 22. HP: 150/150 MP: 27/27
 42189 | Vaults:3 | You are sucked into a shaft and drop 1 floor!
 42959 | Vaults:4 | Found Risaic's Book Shop.
 43097 | Vaults:4 | Reached skill level 20 in Fighting
 43247 | Vaults:4 | Received a gift from Trog
 43958 | Vaults:4 | Found Cacval's Food Shop.
 44073 | Vaults:4 | Reached skill level 15 in Dodging
 44176 | Vaults:4 | Found Wihacwe's Weapon Boutique.
 44348 | Vaults:4 | Found Daivod's Magic Scroll Shoppe.
 44356 | Vaults:4 | Bought 2 scrolls of fog for 68 gold pieces
 44818 | Elf:1    | Entered Level 1 of the Elven Halls
 44962 | Elf:1    | Received a gift from Trog
 45231 | Elf:1    | Found Xoxtycio's General Store.
 45546 | Elf:1    | Identified the +5 war axe of the Three Tales {drain, rC+}
                  | (You found it on level 1 of the Elven Halls)
 45798 | Elf:2    | Received a gift from Trog
 46150 | Elf:2    | Found a runed translucent gate.
 46150 | Elf:2    | Found a runed translucent gate.
 46151 | Elf:2    | Found a runed translucent gate.
 46152 | Elf:2    | Reached skill level 21 in Fighting
 46414 | Elf:2    | Found an ancient bone altar of Kikubaaqudgha.
 46740 | Elf:2    | Received a gift from Trog
 46746 | Elf:2    | Reached XP level 23. HP: 160/160 MP: 28/28
 46756 | Elf:2    | Identified the +6 morningstar "Iroul Xigost" {flame, Int+2}
                  | (Trog gifted it to you on level 2 of the Elven Halls)
 47817 | Depths:1 | Entered Level 1 of the Depths
 47839 | Depths:1 | Reached skill level 22 in Fighting
 47899 | Depths:1 | Received a gift from Trog
 47940 | Depths:1 | You are sucked into a shaft and drop 1 floor!
 47947 | Depths:2 | Found a one-way gate leading to the halls of Pandemonium.
 48330 | Depths:1 | Found a gateway to Hell.
 48336 | Depths:1 | Noticed Bai Suzhen
 48354 | Depths:1 | Killed Bai Suzhen
 48490 | Depths:1 | Found a gateway to a ziggurat.
 48702 | Depths:1 | Reached skill level 23 in Fighting
 49086 | Depths:2 | Received a gift from Trog
 49116 | Depths:2 | Found Etiowiomitz's Food Shop.
 49116 | Depths:2 | Found Ebregrae's Antique Weapon Boutique.
 49133 | Depths:2 | Found Yrenilen's Magic Scroll Shop.
 49147 | Depths:2 | Identified the +0 helmet "Aweopt" {Str+2} (You found it on
                  | level 2 of the Depths)
 49736 | Depths:3 | Noticed Boris
 49756 | Depths:3 | Killed Boris
 50388 | Depths:3 | Reached skill level 24 in Fighting
 50408 | Depths:3 | Reached XP level 24. HP: 173/173 MP: 28/28
 50437 | Depths:3 | Received a gift from Trog
 50968 | Depths:3 | Noticed a juggernaut
 50981 | Depths:3 | Killed a juggernaut
 51430 | Depths:4 | Reached skill level 25 in Fighting
 51515 | Depths:4 | Found the +6 Majin-Bo {vamp, Archmagi MP+6 Int+6}
 51578 | Depths:4 | Identified the +1 broad axe of Harmony {vorpal, rN+ Int+2}
                  | (You found it on level 4 of the Depths)
 51586 | Depths:4 | Found a transporter.
 51614 | Depths:4 | Received a gift from Trog
 51637 | Depths:4 | Identified the +8 battleaxe "Icirgheq" {distort, MR+}
 51650 | Depths:4 | Found a one-way gate to the infinite horrors of the Abyss.
 51673 | Depths:4 | Identified the +7 flail of Desertification {antimagic,
                  | *Rage rN+ SInv} (Trog gifted it to you on level 4 of the
                  | Depths)
 51911 | Depths:4 | Found a transporter.
 51916 | Depths:4 | Noticed Adghecuf's ghost (veteran BaSu)
 52051 | Depths:4 | Noticed a caustic shrike
 52151 | Depths:4 | Killed a caustic shrike
 52211 | Depths:4 | Noticed a caustic shrike
 52217 | Depths:4 | Killed a caustic shrike
 52217 | Depths:4 | Reached skill level 26 in Fighting
 52358 | Depths:4 | Reached ****** piety under Trog
 52358 | Depths:4 | Received a gift from Trog
 53068 | Depths:5 | Entered Level 5 of the Depths
 53410 | Depths:5 | Noticed a caustic shrike
 53411 | Depths:5 | Noticed a caustic shrike
 53425 | Depths:5 | Killed a caustic shrike
 53425 | Depths:5 | Reached XP level 25. HP: 155/185 MP: 28/28
 53978 | Depths:5 | Reached skill level 27 in Fighting
 54252 | Depths:5 | Received a gift from Trog
 54826 | Depths:5 | Found a gate to the Realm of Zot.
 55295 | Elf:3    | Entered Level 3 of the Elven Halls
 55385 | Elf:3    | Found Jenuopis's Antique Armour Emporium.
 55398 | Elf:3    | Found Wuitoazy's Antique Armour Shoppe.
 55401 | Elf:3    | Found Hagh's Antique Armour Emporium.
 55877 | Elf:3    | Received a gift from Trog
 56636 | Elf:3    | Identified the +0 robe "Hymodeno" {rC+}
 56958 | Elf:3    | Received a gift from Trog
 57090 | Elf:3    | Identified the ring "Rain" {*Corrode rPois Dex+2 Slay+2
                  | Stlth+}
 57189 | Elf:3    | Reached XP level 26. HP: 88/193 MP: 28/28
 57565 | Elf:3    | Found the +10 Black Knight's horse barding {ponderous,
                  | rPois rN+}
 57623 | Elf:3    | Identified the Catalogue of Shifting Evil
 57971 | Crypt:1  | Entered Level 1 of the Crypt
 58228 | Crypt:1  | Received a gift from Trog
 59188 | Crypt:2  | Received a gift from Trog
 59768 | Crypt:2  | Found an ancient bone altar of Kikubaaqudgha.
 59901 | Crypt:3  | Entered Level 3 of the Crypt
 59998 | Crypt:3  | Received a gift from Trog
 60113 | Crypt:3  | Found the +9 sword of Zonguldrok {reap}
 60168 | Crypt:3  | Found a staircase to the Tomb.
 60458 | Crypt:3  | Received a gift from Trog
 60693 | Crypt:3  | Received a gift from Trog
 60710 | Crypt:3  | Identified the +8 mace of Superiority {antimagic, +Blink
                  | +Fly rElec} (Trog gifted it to you on level 3 of the Crypt)
 60738 | Crypt:3  | Found the +7 sceptre of Torment {pain, torment}
 60966 | Crypt:3  | Identified the +2 pair of boots "Zoagodd" {rF+ rC+ Str-5
                  | Dex+4} (You found it on level 3 of the Crypt)
 61431 | Vaults:5 | Entered Level 5 of the Vaults
 61447 | Vaults:5 | Identified the ring of the Secret Suns {+Fly Str+2}
 61485 | Vaults:5 | Reached XP level 27. HP: 188/199 MP: 28/28
 61497 | Vaults:5 | Found Nefem's Antique Armour Boutique.
 61718 | Vaults:5 | Identified a scroll of acquirement
 61721 | Vaults:5 | Identified the +3 lajatang "Pess" {elec, MP+9 Dex+4} (You
                  | acquired it on level 5 of the Vaults)
 61721 | Vaults:5 | Identified the amulet of the Purple Skies {Harm *Drain rC-
                  | rN+++ MP+9 Int-4} (You acquired it on level 5 of the
                  | Vaults)
 61721 | Vaults:5 | Identified the +1 helmet of the Endless Expanse {Dex+4}
                  | (You acquired it on level 5 of the Vaults)
 61734 | Vaults:5 | Identified the ring of Faxeebia {rPois Str+2} (You found it
                  | on level 5 of the Vaults)
 61799 | Vaults:5 | Identified the cursed +0 shortbow of Esuixohuec {freeze,
                  | Str+8} (You found it on level 5 of the Vaults)
 61803 | Vaults:5 | Identified the +5 whip "Ipim" {freeze, +Inv Int+3} (You
                  | found it on level 5 of the Vaults)
 61949 | Vaults:5 | Received a gift from Trog
 62250 | Vaults:5 | Noticed Xtahua
 62252 | Vaults:5 | Noticed an ancient lich
 62480 | Vaults:5 | Received a gift from Trog
 62560 | Vaults:5 | Killed an ancient lich
 62863 | Vaults:5 | Killed Xtahua
 62952 | Vaults:5 | Identified the +11 quarterstaff of Neurosis {freeze, Dex+4}
 63169 | Vaults:5 | Got a silver rune of Zot
 63359 | Vaults:5 | Received a gift from Trog
 63868 | D:10     | Bought a scroll of enchant armour for 127 gold pieces
 63868 | D:10     | Bought a scroll of enchant armour for 127 gold pieces
 64046 | Vaults:3 | Bought a potion of haste for 140 gold pieces
 64074 | Vaults:2 | Bought a scroll of magic mapping for 105 gold pieces
 64074 | Vaults:2 | Bought a translucent kite shield for 285 gold pieces
 64074 | Vaults:2 | Identified the +0 kite shield "Fuosham" {rN+} (You bought
                  | it in a shop on level 2 of the Vaults)
 64280 | Orc:2    | Bought a scroll of enchant weapon for 135 gold pieces
 64280 | Orc:2    | Bought a scroll of fog for 36 gold pieces
 64280 | Orc:2    | Bought a scroll of fear for 63 gold pieces
 64280 | Orc:2    | Bought a scroll of acquirement for 936 gold pieces
 64280 | Orc:2    | Bought a scroll of enchant armour for 135 gold pieces
 64280 | Orc:2    | Bought a scroll of magic mapping for 63 gold pieces
 64280 | Orc:2    | Identified the +2 mace of Valour {vamp, MR+++ MP+9 Int+6
                  | Dex-3} (You acquired it on level 2 of the Orcish Mines)
 64280 | Orc:2    | Identified the amulet "Fawuat" {Spirit *Corrode rN+ Dex+2}
                  | (You acquired it on level 2 of the Orcish Mines)
 64419 | D:15     | Bought a scroll of enchant armour for 112 gold pieces
 64419 | D:15     | Bought a scroll of enchant armour for 112 gold pieces
 64419 | D:15     | Bought a scroll of enchant armour for 112 gold pieces
 64419 | D:15     | Bought a scroll of enchant weapon for 112 gold pieces
 64613 | Zot:1    | Entered Level 1 of the Realm of Zot
 65825 | Zot:2    | Received a gift from Trog
 66035 | Zot:2    | You are sucked into a shaft and drop 1 floor!
 67844 | Zot:3    | Received a gift from Trog
 69949 | Zot:4    | Received a gift from Trog
 70086 | Zot:4    | Found the amulet of Vitality {Regen+ HP+15}
 70104 | Zot:4    | Identified the +4 dragonskin cloak
 70104 | Zot:4    | Identified the ring of Hepufueb {*Slow rF- rN+++ rCorr
                  | Dex+3}
 70104 | Zot:4    | Noticed Tiamat
 70141 | Zot:4    | Killed Tiamat
 70522 | Zot:5    | Entered Level 5 of the Realm of Zot
 71697 | Zot:5    | Noticed an orb of fire
 72051 | Zot:5    | Noticed an ancient lich
 72075 | Zot:5    | Killed an ancient lich
 72498 | Zot:5    | Gained mutation: You occasionally shout uncontrollably at
                  | your foes. [an orb of fire]
 72505 | Zot:5    | Gained mutation: You are clumsy. (Dex -2) [an orb of fire]
 72510 | Zot:5    | Gained mutation: Armour fits poorly on your strangely
                  | shaped body. [an orb of fire]
 72512 | Zot:5    | Killed an orb of fire
 72709 | Zot:5    | Noticed an ancient lich
 72728 | Zot:5    | Killed an ancient lich
 72806 | Zot:5    | Noticed an ancient lich
 72819 | Zot:5    | Killed an ancient lich
 72993 | Zot:5    | Noticed an orb of fire
 73012 | Zot:5    | Gained mutation: Your body sometimes deteriorates upon
                  | taking damage. [an orb of fire]
 73020 | Zot:5    | Gained mutation: Your spells are a little easier to cast,
                  | but a little less powerful. [an orb of fire]
 73021 | Zot:5    | Killed an orb of fire
 73721 | Zot:5    | Lost mutation: Your spells are a little easier to cast, but
                  | a little less powerful. [potion of mutation]
 73721 | Zot:5    | Lost mutation: You are clumsy. (Dex -2) [potion of
                  | mutation]
 73721 | Zot:5    | Lost mutation: Your body sometimes deteriorates upon taking
                  | damage. [potion of mutation]
 73721 | Zot:5    | Gained mutation: Scrolls take you a little longer to read.
                  | [potion of mutation]
 73721 | Zot:5    | Gained mutation: You have sharp toenails. [potion of
                  | mutation]
 73721 | Zot:5    | Gained mutation: You have a pair of small antennae on your
                  | head. [potion of mutation]
 73838 | Zot:5    | Noticed an orb of fire
 73854 | Zot:5    | Gained mutation: You are frail. (-10% HP) [an orb of fire]
 73863 | Zot:5    | Killed an orb of fire
 74022 | Zot:5    | Noticed an ancient lich
 74041 | Zot:5    | Noticed an ancient lich
 74059 | Zot:4    | Killed an ancient lich
 74499 | Zot:5    | Killed an ancient lich
 74593 | Zot:5    | Noticed an ancient lich
 74611 | Zot:5    | Killed an ancient lich
 75197 | Zot:5    | Received a gift from Trog
 75202 | Zot:5    | Identified the +3 mace "Fianerez" {vorpal, Dex+7} (Trog
                  | gifted it to you on level 5 of the Realm of Zot)
 75223 | Zot:5    | Lost mutation: You are frail. (-10% HP) [potion of
                  | mutation]
 75223 | Zot:5    | Lost mutation: You have a pair of small antennae on your
                  | head. [potion of mutation]
 75223 | Zot:5    | Lost mutation: Armour fits poorly on your strangely shaped
                  | body. [potion of mutation]
 75223 | Zot:5    | Gained mutation: You tend to lose your temper in combat.
                  | [potion of mutation]
 75223 | Zot:5    | Gained mutation: You expend magic power (3 MP) to
                  | strengthen your wands. [potion of mutation]
 75224 | Zot:5    | Lost mutation: You have sharp toenails. [potion of
                  | mutation]
 75224 | Zot:5    | Lost mutation: You tend to lose your temper in combat.
                  | [potion of mutation]
 75224 | Zot:5    | Lost mutation: Scrolls take you a little longer to read.
                  | [potion of mutation]
 75224 | Zot:5    | Lost mutation: You expend magic power (3 MP) to strengthen
                  | your wands. [potion of mutation]
 75224 | Zot:5    | Gained mutation: You are agile. (Dex +2) [potion of
                  | mutation]
 75224 | Zot:5    | Gained mutation: You have a beak for a mouth. [potion of
                  | mutation]
 75224 | Zot:5    | Gained mutation: You are dopey. (Int -2) [potion of
                  | mutation]
 75224 | Zot:5    | Gained mutation: Your spells are a little harder to cast,
                  | but a little more powerful. [potion of mutation]
 77498 | Zot:5    | Got the Orb of Zot
 77518 | Zot:4    | Noticed Dituuveshru the pandemonium lord
 77936 | D:7      | Noticed Fexait the pandemonium lord
 78117 | D:1      | Noticed Boris
 78126 | D:1      | Killed Boris
 78177 | D:$      | Escaped with the Orb!

Levels and vault maps discovered:
D:1:      lightli_arrival_flooded_house, layout_loops_ring,
          hangedman_feature_mirror, kennysheep_doodads
D:2:      layout_loops_ring, chequers_temple_overflow_statue_of_worship
D:3:      layout_rooms, gup_sewer_entry_glass, xom_redecorated, uniq_terence
D:4:      layout_basic, marbit_many_paths, minmay_temple_entry_mini_moons
D:5:      layout_basic, serial_shops, kennysheep_mini_moat, first_ration,
          hangedman_decor_riveting
D:6:      layout_loops_ring, uniq_maggie, uniq_sigmund, uniq_grinder
D:7:      minmay_klotski, layout_loops_ring, nicolae_ossuary_entry_plus,
          serial_shops, nicolae_shop_stone
D:8:      layout_cave_pools, kennysheep_ying_yang, okawaru_ov_weapons_minmay,
          grunt_ogre_cave
D:9:      layout_layer_cave, grunt_temple_overflow_open, serial_shops,
          kennysheep_mini, fedhas_bush_and_centaur_altar, uniq_gastronok,
          uniq_psyche
D:10:     layout_rooms, serial_shops, shop, kennysheep_another_room
D:11:     layout_cave_pools, david_lair_shrubbed, enter_bailey_6
D:12:     layout_layer_cave, orc_0_dummy, minmay_joined_circles, uniq_jorgrun,
          uniq_maurice
D:13:     layout_gridville, david_vaults_1
D:14:     minmay_the_grid_triangle_9x9_rhombus_full_mashed
          [minmay_the_grid_triangle_9x9_corrupted_corridor,
          minmay_the_grid_triangle_9x9_skeleton,
          minmay_the_grid_triangle_9x9_impossible_snake,
          minmay_the_grid_triangle_9x9_swiss_cheese,
          minmay_the_grid_triangle_9x9_fully_insulated_deathbox,
          minmay_the_grid_triangle_9x9_minimal,
          minmay_the_grid_triangle_9x9_zippers_vertical,
          minmay_the_grid_triangle_9x9_prize_insulated], layout_small_grid
D:15:     grunt_enter_depths_magical_seal, layout_cross, serial_shops,
          nicolae_shop_competitors_out_of_business, nicolae_shop_trees,
          nicolae_shop_crystal, nicolae_shop_crystal, nicolae_shop_crystal,
          fountainhead, dk_noncrumbling_4
Lair:1:   layout_misc_corridors, portal_ice_cave_entry_imps,
          serial_bayou_shore_b, infiniplex_staircase_pool_2
Lair:2:   layout_roguey, nicolae_spider_entry_orb_guardian, grunt_megastairs_1,
          uniq_nergalle, uniq_erica
Lair:3:   layout_gridlike, elwin_shoals_entry_rooms, lemuel_fruit_tree,
          serial_bayou_shore_b, uniq_snorg
Lair:4:   layout_layer_cave, ebering_ghost_inner_flame
Lair:5:   layout_regular_city
Lair:6:   gammafunk_lair_ancient_temple, layout_long_grid,
          dpeg_slime_entry_corner, nicolae_volcano_entry_two_sided
Shoals:1: gammafunk_its_a_trap, layout_shoals,
          nicolae_shoals_stone_sculpture_thing
Shoals:2: layout_shoals, serial_shops, nicolae_shop_overgrown_old_shop, shop,
          nicolae_shop_statue_plus, uniq_frances, uniq_ilsuiw
Shoals:3: layout_shoals, serial_shops, bzr_entry_safe, ebering_ghost_xom
Shoals:4: shoals_end_simple, layout_shoals, serial_shops,
          nicolae_shop_temple_entry_statues_fountains
Spider:1: layout_spider_delve, drop_trap
Spider:2: layout_spider_delve, uniq_aizul
Spider:3: lemuel_spider_zombies
Spider:4: grunt_spider_rune_parallel, guppyfry_spider_mini_2
Orc:1:    layout_diamond_mine, basic_altar
Orc:2:    st_orc_open, layout_caves, serial_shops, shop
Elf:1:    layout_geoelf_diagonals, serial_shops, shop, minmay_elf_annihilation,
          nicolae_elf_glass_and_crystal_pillar_1
Elf:2:    layout_loops_corners, special_room [special_room_orc], basic_altar,
          wad_floor_pattern_untrapped, st_stairs_10
Elf:3:    elf_hall, layout_onion_city, minmay_shop_star
Vaults:1: vaults_room_ringed_pool, hangedman_vaults_slice,
          nicolae_vaults_three_branches, v_misc_31, v_pattern_3, serial_ice_g,
          v_misc_9, dpeg_vaults_waves, v_misc_28, vaults_dpeg_encased_lava,
          vaults_room_pools, v_misc_25, layout_vaults_omnibox
Vaults:2: gammafunk_vaults_ghost_tricky_traps, minmay_crypt_entry_simple_box,
          hangedman_vaults_trim, v_rooms_3, vaults_dpeg_doors,
          nicolae_vaults_ninety_degrees, nicolae_vaults_network_periphery,
          st_squares, v_rooms_2, nicolae_vaults_twisting_passages,
          ontoclasm_vaults_fault, nicolae_vaults_specimen_jars,
          ontoclasm_vaults_twist, ontoclasm_vaults_decontamination,
          layout_vaults_ring, serial_shops, shop, uniq_donald
Vaults:3: grunt_vaults_hallway_short, st_greater_box_4,
          nicolae_vaults_border_crossing, v_misc_11, dpeg_vaults_monster_box,
          v_pattern_2, nicolae_vaults_little_squares_3,
          hangedman_vaults_stagger, vaults_room_fours, v_alt_pattern_4,
          vaults_dpeg_diagonal, layout_vaults_omnicross, serial_shops, shop
Vaults:4: v_misc_26, v_misc_5, hangedman_vaults_corner,
          nicolae_vaults_fighting_squares, v_misc_17, grunt_vaults_swirl,
          v_misc_1, v_misc_26, layout_vaults_chaotic_city, serial_shops, shop,
          nicolae_shop_statue_plus, shop, shop
Vaults:5: uniq_margery, uniq_xtahua
Crypt:1:  layout_misc_corridors, grunt_crypt_arrival_split
Crypt:2:  layout_rooms, grunt_ministairs_7, lemuel_statue_altar
Crypt:3:  due_elkab, layout_chaotic_city, wad_floor_pattern_2,
          minmay_guarded_unrand_zonguldrok
Depths:1: layout_gridville, enter_ziggurat_a, minmay_misc_feat_room, hell_entry,
          lightli_fourway_metalbox, uniq_bai_suzhen
Depths:2: evilmike_halls_of_destruction, layout_gridville, hell_entry,
          rand_demon_pan_entry_3, kennysheep_pointless_box, serial_shops,
          shop_statue, minmay_shoptagon
Depths:3: minmay_stepped, layout_cave_pools, grunt_metal_band,
          serial_sigils_hangedman_shear, rand_demon_pan_entry_4, uniq_boris
Depths:4: four-leaf_vault, layout_basic, ebering_dispersal_statue_hall,
          hell_entry, gammafunk_ghost_abyssal_escape, abyss_entry
Depths:5: grunt_zot_entry_alcove, layout_gridlike, abyss_entry,
          rand_demon_pan_entry_1, hell_entry, minmay_misc_feat_roman,
          chequers_serial_rivers_marsh
Zot:1:    layout_onion, grunt_ministairs_2
Zot:2:    layout_cathedral_of_symmetry
Zot:3:    layout_cathedral_of_symmetry
Zot:4:    layout_misc_corridors, hangedman_zot_gyre, st_grand_hoard_of_tiamat
Zot:5:    layout_misc_corridors, skrybe_zot_glass_1

Skill      XL: |  1  2  3  4  5  6  7  8  9 10 11 12 13 14 15 16 17 18 19 20 21 22 23 24 25 26 27 |
---------------+----------------------------------------------------------------------------------+-----
Dodging        | 2 3 4 5 6 7 8 9 10 11 12 13 14 15 16 17 20 | 20.7
Maces & Flails | 4 5 6 7 8 10 11 12 14 15 16 17 18 22 | 22.9
Armour         | 3 4 5 6 7 9 10 11 12 13 14 16 17 18 19 20 21 25 | 25.4
Fighting       | 4 5 6 7 8 9 10 11 12 13 14 16 17 19 21 24 26 27 | 27.0
Shields        | 2 3 5 6 7 8 9 10 11 12 13 15 | 15.0
Evocations     | 4 7 |  7.0

Action                   |  1- 3 |  4- 6 |  7- 9 | 10-12 | 13-15 | 16-18 | 19-21 | 22-24 | 25-27 || total
-------------------------+-------+-------+-------+-------+-------+-------+-------+-------+-------++-------
Melee: Mace              |   143 |   265 |   434 |   232 |       |       |       |       |       ||  1074
       Unarmed           |       |       |    19 |       |       |       |       |       |       ||    19
       Whip              |       |       |     6 |       |       |       |       |       |       ||     6
       Flail             |       |       |       |   212 |       |       |       |       |       ||   212
       Eveningstar       |       |       |       |   271 |   971 |  1041 |  1651 |  1761 |  2592 ||  8287
       Demon whip        |       |       |       |       |    58 |       |    20 |       |   965 ||  1043
       Peck              |       |       |       |       |       |       |       |       |    83 ||    83
Invok: Berserk           |     1 |     5 |     8 |     6 |     4 |     5 |     4 |     3 |     9 ||    45
       Trog's Hand       |       |     1 |     2 |     3 |     5 |     7 |    10 |     2 |     4 ||    34
       Brothers in Arms  |       |       |       |       |       |       |     1 |       |     1 ||     2
 Abil: Fly               |       |       |       |       |     1 |       |       |     1 |       ||     2
       Stop Flying       |       |       |       |       |       |       |       |     1 |       ||     1
Evoke: Wand              |       |       |       |       |       |       |    21 |       |       ||    21
  Use: Scroll            |       |     5 |     2 |    10 |    14 |     4 |     6 |    15 |    43 ||    99
       Potion            |       |       |       |       |       |     1 |       |       |     6 ||     7
 Stab: Petrifying        |       |       |       |       |       |       |       |       |     1 ||     1
  Eat: Ration            |     1 |     1 |     3 |       |     3 |     2 |     2 |     2 |    26 ||    40
       Chunk             |       |    10 |    12 |    34 |    23 |    22 |    40 |    35 |    12 ||   188
Armor: Animal skin       |    33 |       |       |       |       |       |       |       |       ||    33
       Ring mail         |    32 |    12 |       |       |       |       |       |       |       ||    44
       Chain mail        |       |   248 |   244 |   389 |   307 |       |       |       |       ||  1188
       Plate armour      |       |       |       |       |   151 |   597 |   562 |   601 |   150 ||  2061
       Gold dragon scale |       |       |       |       |       |       |       |       |  1103 ||  1103
Dodge: Dodged            |   103 |   154 |   141 |   356 |   409 |   440 |   534 |   602 |  1217 ||  3956
Block: Buckler           |       |     3 |    66 |   183 |     4 |       |       |       |       ||   256
       Kite shield       |       |       |       |       |   773 |   862 |  1320 |  1382 |  2559 ||  6896
       Reflection        |       |       |       |       |       |       |   132 |   100 |    94 ||   326

Table legend:
 A = Non-vault XP
 B = Vault XP
 C = Vault XP percentage of total XP
 D = Non-vault monster count
 E = Vault monster count
 F = Vault count percentage of total count
                 A         B        C        D         E       F
            +---------+---------+-------+---------+---------+-------
      Total |  932215 |  853450 |  47.8 |    1711 |     851 |  33.2
            +---------+---------+-------+---------+---------+-------
        D:1 |      37 |       0 |   0.0 |      20 |       0 |   0.0
        D:2 |      52 |       0 |   0.0 |      20 |       0 |   0.0
        D:3 |     108 |      64 |  37.2 |      32 |       4 |  11.1
        D:4 |     466 |      32 |   6.4 |      16 |       1 |   5.9
        D:5 |     854 |       0 |   0.0 |      21 |       0 |   0.0
        D:6 |     629 |     911 |  59.2 |      14 |       3 |  17.6
        D:7 |    1300 |       0 |   0.0 |      25 |       0 |   0.0
        D:8 |    1139 |     116 |   9.2 |      24 |       1 |   4.0
        D:9 |    2776 |    2575 |  48.1 |      40 |       2 |   4.8
       D:10 |    3892 |       0 |   0.0 |      43 |       0 |   0.0
       D:11 |    4889 |     355 |   6.8 |      31 |       1 |   3.1
       D:12 |    2535 |    5470 |  68.3 |      25 |      15 |  37.5
       D:13 |    9878 |    1603 |  14.0 |      26 |       3 |  10.3
       D:14 |   10999 |   12355 |  52.9 |      32 |      27 |  45.8
       D:15 |   11194 |    5033 |  31.0 |      31 |      10 |  24.4
     Lair:1 |    2716 |     216 |   7.4 |      17 |      13 |  43.3
     Lair:2 |    3424 |    2446 |  41.7 |      17 |       4 |  19.0
     Lair:3 |    2181 |    1615 |  42.5 |      11 |       2 |  15.4
     Lair:4 |    5876 |       0 |   0.0 |      15 |       0 |   0.0
     Lair:5 |    6924 |     754 |   9.8 |      14 |       1 |   6.7
     Lair:6 |   11041 |   10004 |  47.5 |      38 |      23 |  37.7
   Shoals:1 |   12245 |       0 |   0.0 |      28 |       0 |   0.0
   Shoals:2 |   11678 |    6183 |  34.6 |      26 |       5 |  16.1
   Shoals:3 |   15669 |       0 |   0.0 |      31 |       0 |   0.0
   Shoals:4 |    7721 |   19542 |  71.7 |      17 |      30 |  63.8
   Spider:1 |   18922 |       0 |   0.0 |      51 |       0 |   0.0
   Spider:2 |    6600 |    1742 |  20.9 |      21 |       1 |   4.5
   Spider:3 |   17479 |   14153 |  44.7 |      43 |      30 |  41.1
   Spider:4 |   13136 |   27867 |  68.0 |      32 |      58 |  64.4
      Orc:1 |    1551 |       0 |   0.0 |      23 |       0 |   0.0
      Orc:2 |    7728 |   15591 |  66.9 |      81 |      37 |  31.4
      Elf:1 |   18571 |    4019 |  17.8 |      32 |       6 |  15.8
      Elf:2 |   16633 |   32839 |  66.4 |      31 |      58 |  65.2
      Elf:3 |   30104 |   46475 |  60.7 |      47 |      31 |  39.7
   Vaults:1 |   27477 |   28380 |  50.8 |      64 |      39 |  37.9
   Vaults:2 |   42994 |   31144 |  42.0 |      62 |      40 |  39.2
   Vaults:3 |   30338 |   57137 |  65.3 |      50 |      54 |  51.9
   Vaults:4 |   20839 |   35661 |  63.1 |      37 |      37 |  50.0
   Vaults:5 |   52197 |  107466 |  67.3 |      68 |      73 |  51.8
    Crypt:1 |   40488 |       0 |   0.0 |      53 |       0 |   0.0
    Crypt:2 |   29580 |    2361 |   7.4 |      44 |       3 |   6.4
    Crypt:3 |   14806 |   50335 |  77.3 |      24 |      83 |  77.6
   Depths:1 |   22269 |    8248 |  27.0 |      29 |       5 |  14.7
   Depths:2 |   29295 |    5141 |  14.9 |      36 |       7 |  16.3
   Depths:3 |   41845 |   32743 |  43.9 |      49 |      20 |  29.0
   Depths:4 |   54871 |   29362 |  34.9 |      68 |      16 |  19.0
   Depths:5 |   59022 |   21860 |  27.0 |      29 |      20 |  40.8
      Zot:1 |   19836 |    1033 |   4.9 |      14 |       2 |  12.5
      Zot:2 |   68966 |       0 |   0.0 |      38 |       0 |   0.0
      Zot:3 |   58254 |       0 |   0.0 |      33 |       0 |   0.0
      Zot:4 |   42315 |   89194 |  67.8 |      27 |      35 |  56.5
      Zot:5 |   15876 |  141049 |  89.9 |      11 |      34 |  75.6
      Sewer |       0 |     149 | 100.0 |       0 |       6 | 100.0
    Ossuary |       0 |     227 | 100.0 |       0 |      11 | 100.0
            +---------+---------+-------+---------+---------+-------
